 Dungeon Crawl Stone Soup version 0.15-a0-1579-gd26fec2 (webtiles) character file.

139 PolkaDot the Vexing (level 5, -1/35 HPs)
             Began as a Vampire Enchanter on June 19, 2014.
             Killed from afar by an orc wizard (14 damage)
             ... with a puff of flame
             ... on Level 3 of the Dungeon.
             The game lasted 00:07:11 (2432 turns).

PolkaDot the Vexing (Vampire Enchanter)             Turns: 2432, Time: 00:07:11

HP  -1/35        AC  3     Str 12      XL: 5   Next:  1%
MP   0/9         EV 12     Int 18      God:
Gold 75          SH  0     Dex 14      Spells:  2 memorised,  5 levels left

rFire  . . .     SeeInvis +     a - +1 dagger
rCold  + . .     Clarity  .     b - +1 robe
rNeg   + + .     rCorr    .     (no shield)
rPois  +         rRot     +     (no helmet)
rElec  .         Spirit   .     (no cloak)
SustAb .         Warding  .     (no gloves)
rMut   .         Stasis   .     (no boots)
Gourm  .                        (no amulet)
MR     .....                    (no ring)
                                (no ring)

@: mighty, very slightly contaminated, regenerating slowly, hasted, very quick,
not resistant to hostile enchantments, fairly stealthy
A: fangs 3, see invisible, unbreathing
a: Bat Form


You were on level 3 of the Dungeon.
You were very thirsty.

You visited 1 branch of the dungeon, and saw 3 of its levels.

You collected 75 gold pieces.

Inventory:

Hand weapons
 a - a +1 dagger (weapon)
 d - a +0 dagger of venom
Armour
 b - a +1 robe (worn)
Scrolls
 e - a scroll of fear {unknown}
 f - a scroll of immolation {unknown}
 i - 2 scrolls of blinking {unknown}
 k - a scroll of remove curse {unknown}
Potions
 h - a potion of might
Books
 c - a book of Maledictions

   Spells                             Type                      Level
   *Corona                            Hexes                        1
   Sure Blade                         Hexes/Charms                 2
   *Ensorcelled Hibernation           Hexes/Ice                    2
   Confuse                            Hexes                        3
   Dazzling Spray                     Conjuration/Hexes            3
   Enslavement                        Hexes                        4


   Skills:
 - Level 3.3 Short Blades
 - Level 2.1 Dodging
 + Level 5.5 Stealth
 - Level 2.0 Spellcasting
 * Level 5.9 Hexes
 - Level 1.2 Ice Magic


You had 5 spell levels left.
You knew the following spells:

 Your Spells              Type           Power        Failure   Level  Hunger
a - Corona                Hex            ###....      1%          1    #......
d - Ensorcelled Hibernat  Hex/Ice        ##....       8%          2    ##.....


Dungeon Overview and Level Annotations

Branches:
Dungeon (3/15)

Altars:


Innate Abilities, Weirdness & Mutations

You heal slowly.
You have razor-sharp teeth.*
You have supernaturally acute eyesight.
You can survive without breathing.*


Message History

Casting: Ensorcelled Hibernation
Confirm with . or Enter, or press ? or * to list all spells.
Aiming: Ensorcelled Hibernation
Press: ? - help, Shift-Dir - straight line, f - orc wizard
Aim: an orc wizard, wielding a dagger and wearing a robe (severely wounded)
The orc wizard looks drowsy...
* * * LOW MAGIC WARNING * * *
The helpless orc wizard fails to defend itself.
You bite the orc wizard, and draw its blood!
You feel better.
You feel slightly less thirsty.
You impale the orc wizard!!
You kill the orc wizard!
You have reached level 5!
An orc wizard comes into view. It is wielding a dagger.
Items here: % )) [[ a dagger; a robe; a glowing dagger; a robe; an orc corpse
d - a glowing dagger The orc wizard shouts!
The orc wizard casts a spell at you. The puff of flame hits you!
You die...

######### .........#
.........###########
.........@.........#
########.#########.#
#'# #.# ... #.#
..... #.# ## .......
#.# #. ......o..
#.######.
.....o.....
#........ ...o..$..
########.


You could see an orc wizard.

Vanquished Creatures
  An orc wizard (D:3)
  3 adders (D:2)
  A giant mite (D:2)
  4 worms (D:2)
  2 giant geckos (D:1)
  4 hobgoblins
  A quokka (D:2)
  7 bats
  4 giant cockroaches
  3 giant newts
  2 goblins
  10 kobolds
  6 rats
48 creatures vanquished.

Vanquished Creatures (others)
  An orc wizard (D:3)
1 creature vanquished.

Grand Total: 49 creatures vanquished

Notes
Turn   | Place    | Note
--------------------------------------------------------------
     0 | D:1      | PolkaDot, the Vampire Enchanter, began the quest for the Orb.
     0 | D:1      | Reached XP level 1. HP: 13/13 MP: 3/3
   125 | D:1      | Reached XP level 2. HP: 17/19 MP: 4/4
   162 | D:1      | Learned a level 2 spell: Ensorcelled Hibernation
  1223 | D:2      | Reached XP level 3. HP: 24/24 MP: 6/6
  1586 | D:2      | Reached skill level 1 in Ice Magic
  1631 | D:2      | Reached XP level 4. HP: 16/30 MP: 4/7
  1653 | D:2      | Reached skill level 5 in Hexes
  1764 | D:2      | Reached skill level 5 in Stealth
  2430 | D:3      | Reached XP level 5. HP: 12/35 MP: 0/9
  2432 | D:3      | Killed from afar by an orc wizard

Action                   |  1- 3 |  4- 6 || total
-------------------------+-------+-------++-------
Melee: Dagger            |    99 |    44 ||   143
 Cast: Corona            |     2 |       ||     2
       Ensorcelled Hiber |     8 |    16 ||    24
  Use: Potion            |       |     4 ||     4
 Stab: Sleeping          |    11 |    13 ||    24
